 Dungeon Sprint DCSS version 0.31-a0-574-g69dc8cc98e (webtiles) character file.

Game seed: 3749506847478836622

256 Midn8 the Unseen (level 5, -3/30 HPs)
             Began as a Vampire Brigand on Aug 18, 2023.
             Was a Follower of Dithmenos.
             Slain by a spriggan
             ... wielding a +0 dagger
              (10 damage)
             ... in the Dungeon (Sprint IV: "Fedhas' Mad Dash").
             The game lasted 00:01:53 (117 turns).

Midn8 the Unseen (Vampire Brigand)                   Turns: 117, Time: 00:01:54

Health: -3/30      AC:  3    Str: 10    XL:     5   Next: 92%
Magic:  5/5        EV: 12    Int: 14    God:    Dithmenos [*.....]
Gold:   34         SH:  0    Dex: 17    Spells: 4/4 levels left

rFire   . . .        a - +2 dagger
rCold   + + .        (no shield)
rNeg    + + +        b - +0 robe
rPois   ∞            (no helmet)
rElec   .            c - +0 cloak
rCorr   .            (no gloves)
SInv    +            (no boots)
Will    .....        l - amulet of invisibility {+Inv}
Stlth   +++++++++    (no ring)
HPRegen 0.00/turn    (no ring)
MPRegen 0.09/turn

%: no teleportation
@: very slightly contaminated, bloodless, inhibited regen, wreathed by umbra
A: bloodless, fangs 3, see invisible, vampiric 2
a: Bat Form, Revivify, Renounce Religion, Evoke Invisibility


You were in the Dungeon.
You worshipped Dithmenos.
Dithmenos was aware of your devotion.
You visited 1 branch You collected 34 gold pieces.

Inventory:

Hand Weapons
 a - a +2 dagger (weapon)
Missiles
 d - 8 poisoned darts
Armour
 b - a +0 robe (worn)
 c - a +0 cloak (worn)
Jewellery
 l - the amulet of invisibility (around neck) {+Inv}
   (You found it in the Dungeon)

   [amulet of nothing]

   +Inv:      It lets you turn invisible.
Scrolls
 k - 2 scrolls of blinking
Potions
 h - a potion of haste
 i - 2 potions of magic
 j - a potion of berserk rage


   Skills:
 - Level 1.7 Fighting
 - Level 8.0 Short Blades
 + Level 3.8 Throwing
 - Level 1.1 Dodging
 - Level 15.0 Stealth


You had 4 spell levels left.
You didn't know any spells.
Your spell library was empty.

Dungeon Overview and Level Annotations

Branches:
Dungeon (1/1)

Altars:
Cheibriados
Dithmenos
Gozag
Hepliaklqana
Kikubaaqudgha
Makhleb
Nemelex Xobeh
Okawaru
Qazlal
Ru
Sif Muna
Trog
Uskayaw
Vehumet
Wu Jian
Xom
Yredelemnul
Jiyva
Lugonu


Innate Abilities, Weirdness & Mutations

You do not regenerate when monsters are visible.
You are frail without blood (-20% HP).
You can heal yourself when you bite living creatures.
You are immune to poison.
You have razor-sharp teeth.
You have supernaturally acute eyesight. (SInv)
You are afflicted with vampirism and can become a bat while bloodless.


Message History

You throw a curare-tipped dart.
The curare-tipped dart barely misses the spriggan.
Unknown command.
Throw: 2 darts (curare)
Press: ? - help, Q - select action, (/) - cycle Shift-Dir - straight line, f/p - spriggan
Aim: a spriggan, wielding a +0 dagger and wearing a +0 robe (umbra, 26% to hit)
You throw a curare-tipped dart.
The curare-tipped dart misses the spriggan.
The spriggan barely misses you.
Throw: dart (curare)
Press: ? - help, Q - select action, (/) - cycle Shift-Dir - straight line, f/p - spriggan
Aim: a spriggan, wielding a +0 dagger and wearing a +0 robe (umbra, 26% to hit)
You throw a curare-tipped dart.
The curare-tipped dart closely misses the spriggan.
You flicker for a moment.
The spriggan hits you with a +0 dagger!
* * * LOW HITPOINT WARNING * * *
Unknown command.
You feel much better. The spriggan closely misses you.
You miss the spriggan. The spriggan hits you with a +0 dagger.
You hit the spriggan.
The spriggan is lightly wounded.
You hit the spriggan.
The spriggan is moderately wounded.
The spriggan closely misses you.
You miss the spriggan.
The spriggan is moderately wounded.
You closely miss the spriggan. You bite the spriggan.
You draw the spriggan's blood!
You feel better.
The spriggan is heavily wounded.
The spriggan hits you with a +0 dagger!
You hit the spriggan but do no damage.
The spriggan is heavily wounded.
The spriggan hits you with a +0 dagger!
* * * LOW HITPOINT WARNING * * *
You barely miss the spriggan.
The spriggan is heavily wounded.
You flicker back into view.
You feel better. The spriggan hits you with a +0 dagger!
You die...

####################
⌠._._._._.⌠.#.['@i(#
._._._._._..'..#$†$#
.._._._._...#..###+#
._._._._._..#.[#
_._._._._.⌠.####
#############


You could see a spriggan.

Vanquished Creatures
  2 scorpions (D)
  3 oklob saplings (D)
  A spriggan (D)
  A river rat (D)
  A rat (D)
8 creatures vanquished.

Notes
Turn   | Place    | Note
-------+----------+-------------------------------------------
     0 | D        | Midn8 the Vampire Brigand began the quest for the Orb.
     0 | D        | Reached XP level 1. HP: 16/16 MP: 1/1
    25 | D        | Reached skill level 8 in Stealth
    25 | D        | Reached XP level 2. HP: 17/17 MP: 2/2
    37 | D        | Noticed an oklob sapling
    38 | D        | Killed an oklob sapling
    39 | D        | Reached skill level 10 in Stealth
    39 | D        | Gained mutation: You are afflicted with vampirism and can
                  | become a bat while bloodless. [Vampire growth]
    39 | D        | Reached XP level 3. HP: 21/21 MP: 3/3
    40 | D        | Noticed a scorpion
    40 | D        | Found the amulet of invisibility {+Inv}
    42 | D        | Killed a scorpion
    43 | D        | Reached skill level 12 in Stealth
    43 | D        | Reached XP level 4. HP: 26/26 MP: 4/4
    63 | D        | Found an opulent altar of Gozag.
    63 | D        | Found a hazy altar of Hepliaklqana.
    63 | D        | Found a burning altar of Makhleb.
    63 | D        | Found a sparkling altar of Nemelex Xobeh.
    63 | D        | Found a snail-covered altar of Cheibriados.
    63 | D        | Found a sacrificial altar of Ru.
    63 | D        | Found a shimmering blue altar of Sif Muna.
    63 | D        | Found a shimmering altar of Xom.
    63 | D        | Found a basalt altar of Yredelemnul.
    64 | D        | Found a viscous altar of Jiyva.
    64 | D        | Found a bloodstained altar of Trog.
    64 | D        | Found an ornate altar of the Wu Jian Council.
    65 | D        | Found an iron altar of Okawaru.
    65 | D        | Found a shadowy altar of Dithmenos.
    66 | D        | Found a hide-covered altar of Uskayaw.
    66 | D        | Found an ancient bone altar of Kikubaaqudgha.
    67 | D        | Found a stormy altar of Qazlal.
    68 | D        | Found a radiant altar of Vehumet.
    68 | D        | Found a corrupted altar of Lugonu.
    72 | D        | Reached skill level 14 in Stealth
    72 | D        | Reached XP level 5. HP: 30/30 MP: 5/5
    74 | D        | Became a worshipper of Dithmenos the Shadowed
   100 | D        | Reached skill level 15 in Stealth
   105 | D        | Reached * piety under Dithmenos
   117 | D        | Slain by a spriggan

Illustrated notes

Levels and vault maps discovered:
D:        dungeon_sprint_fedhas [sprint_temple]

Skill      XL: |  1  2  3  4  5 |
---------------+----------------+-----
Stealth        | 8 10 12 14 15 | 15.0
Short Blades   | 4 6 8 |  8.0
Throwing       | 3 |  3.8
Fighting       | |  1.7
Dodging        | |  1.1

Action                     |  1- 3 |  4- 6 || total
---------------------------+-------+-------++-------
  Melee: Dagger            |    12 |    11 ||    23
         Punch             |     1 |       ||     1
         Bite              |       |     1 ||     1
  Throw: Dart              |     3 |     3 ||     6
Ability: Exsanguinate      |     1 |       ||     1
         Evoke Invisibilit |       |     2 ||     2
    Use: Potion            |       |     2 ||     2
   Stab: Sleeping          |     2 |     3 ||     5
         Invisible         |       |     1 ||     1
 Armour: Robe              |     2 |       ||     2
  Dodge: Dodged            |     5 |     3 ||     8

Table legend: (Time is in decaauts)
 A = Elapsed time spent in this place.
 B = Non-inter-level travel time spent in this place.
 C = Inter-level travel time spent in this place.
 D = Time resting spent in this place.
 E = Time spent auto-exploring this place.
 F = Levels seen in this place.
 G = Mean time per level.
                   A        B        C        D        E       F      G
               +--------+--------+--------+--------+--------+-----+--------+
         Total |    110 |    110 |      0 |     15 |      0 |   1 |  110.0 |
       Dungeon |    110 |    110 |      0 |     15 |      0 |   1 |  110.0 |
               +--------+--------+--------+--------+--------+-----+--------+

Top non-repeatable levels by time:
       D: 110 daAuts
